 Dungeon Crawl Stone Soup version 0.17.1-3-g152610e (webtiles) character file.

156018 Peloso the Fencer (level 17, -17/156 HPs)
             Began as a Minotaur Fighter on Apr 2, 2016.
             Was the Champion of Okawaru.
             Killed from afar by a deep elf annihilator (51 damage)
             ... with an iron shot
             ... on level 3 of the Elven Halls.
             The game lasted 01:52:35 (28763 turns).

Peloso the Fencer (Minotaur Fighter)               Turns: 28763, Time: 01:52:35

Health: -17/156    AC: 29    Str: 24    XL:     17   Next: 9%
Magic:  19/19      EV: 26    Int:  7    God:    Okawaru [******]
Gold:   2649       SH: 13    Dex: 21    Spells: 0 memorised, 16 levels left

rFire  . . .     SeeInvis +     l - +5 double sword (freeze)
rCold  . . .     Clarity  .     k - +4 plate armour {rPois}
rNeg   . . .     SustAt   .     q - +2 buckler {reflect}
rPois  +         Gourm    .     c - +0 hat {SInv}
rElec  .         Spirit   .     w - +0 cloak {MR+}
rCorr  .         Warding  .     S - +2 pair of gloves {Dex+3}
rMut   .         Stasis   .     P - +0 pair of boots of Death Resistance {+Inv Int+2 Dex+4}
MR     +++..                    Y - amulet of faith
Stlth  ..........               m - +5 ring of evasion
                                N - ring of protection from magic

@: lethally poisoned (-17 -> -19), heroism, extremely resistant to hostile
enchantments, extremely unstealthy
A: retaliatory headbutt, horns 2
a: Heroism, Finesse, Renounce Religion, Evoke Invisibility


You were on level 3 of the Elven Halls.
You worshipped Okawaru.
Okawaru was exalted by your worship.
You were hungry.

You visited 5 branches of the dungeon, and saw 29 of its levels.
You also visited: Ossuary and Ice Cave.

You collected 2803 gold pieces.
You spent 154 gold pieces at shops.

Inventory:

Hand Weapons
 l - a +5 double sword of freezing (weapon)
 U - a +1 demon blade of flaming
Armour
 c - a +0 hat of see invisible (worn)
 k - a +4 plate armour of poison resistance (worn)
 q - a +2 buckler of reflection (worn)
 w - a +0 cloak of magic resistance (worn)
 A - a +0 buckler of resistance
 J - a +0 cloak of invisibility
 P - the +0 pair of boots of Death Resistance (worn) {+Inv Int+2 Dex+4}
   (You found it on level 5 of the Lair of Beasts)

   It affects your intelligence (+2).
   It affects your dexterity (+4).
   It lets you turn invisible.
 S - a +2 pair of gloves of dexterity (worn)
Jewellery
 m - a +5 ring of evasion (right hand)
 o - an uncursed ring of protection from cold
 I - a +3 ring of intelligence
 N - a ring of protection from magic (left hand)
 Y - an amulet of faith (around neck)
Wands
 p - a wand of fire (6)
 s - a wand of digging (15)
 v - a wand of digging (2)
 E - a wand of confusion (41)
 L - a wand of paralysis (9)
 O - a wand of disintegration (14)
 V - a wand of hasting (5)
Scrolls
 a - 12 scrolls of remove curse
 b - a scroll of fog
 r - 2 scrolls of blinking
 y - 2 scrolls of teleportation
 B - 3 scrolls of identify
 C - 3 scrolls of magic mapping
 F - 3 scrolls of enchant armour
 H - a scroll of brand weapon {unknown}
 M - a scroll of recharging
 X - 2 scrolls of fear
Potions
 d - 9 potions of might
 g - 9 potions of curing
 h - 4 potions of berserk rage
 i - 4 potions of flight
 j - 8 potions of heal wounds
 u - 2 potions of haste
 x - a potion of invisibility
 z - 5 potions of agility
 K - 6 potions of lignification {unknown}
Books
 t - Roxanne's Collected Works on Clay
   (You took it off Roxanne on level 3 of the Elven Halls)

   Spells                             Type                      Level
   a - Sandblast                      Earth                        1
   b - Stoneskin                      Transmutation/Earth          2
   c - Stone Arrow                    Conjuration/Earth            3
   d - Iron Shot                      Conjuration/Earth            6
   e - Statue Form                    Transmutation/Earth          6
Comestibles
 e - 22 bread rations
 f - 25 meat rations
 n - 6 beef jerkies
 D - 56 fruits
 G - 4 royal jellies


   Skills:
 + Level 15.4(20.4) Fighting
 + Level 19.7(24.7) Long Blades
 + Level 13.3(18.3) Armour
 + Level 12.6(17.6) Dodging
 + Level 4.2(9.2) Stealth
 + Level 17.0(22.0) Shields
 + Level 4.1 Invocations


You had 16 spell levels left.
You didn't know any spells.

Dungeon Overview and Level Annotations

Branches:
Dungeon (13/15)            Temple (1/1) D:4            Lair (8/8) D:9
 Shoals (0/4) Lair:4        Snake (0/4) Lair:4        Slime (0/6) Lair:6
    Orc (4/4) D:12            Elf (3/3) Orc:3        Vaults (0/5) D:13

Altars:
Ashenzari
Cheibriados
Dithmenos
Elyvilon
Fedhas
Gozag
Kikubaaqudgha
Makhleb
Nemelex Xobeh
Okawaru
Qazlal
Ru
Sif Muna
Trog
Vehumet
Xom
Yredelemnul
Zin
The Shining One
Beogh

Shops:
D:4 !   D:5 (:   D:6 :   Orc:4 :(*[   Elf:3 *

Annotations:
D:3 exclusion: oklob plant


Innate Abilities, Weirdness & Mutations

You reflexively headbutt those who attack you in melee.
You have a pair of horns on your head.


Message History

You are poisoned.
You partially resist.
You see here a rapier.
You feel sick.
The deep elf annihilator gestures at you while chanting.
The crystal spear hits you!
* * * LOW HITPOINT WARNING * * *
You feel sick.
You block the deep elf annihilator's attack.
A deep elf death mage comes into view. It is wielding a dagger.
You open the deep elf annihilator like a pillowcase!!!
You freeze the deep elf annihilator.
The deep elf annihilator is severely wounded.
You feel sick.
You hit the deep elf annihilator. You freeze the deep elf annihilator.
Your headbutt misses the deep elf annihilator.
The deep elf annihilator is severely wounded.
The deep elf annihilator points at you and mumbles some strange words.
The iron shot hits you!
You die...

**,,,,,**#......#..(...#**,,,,,**
*,,,,,** *#....[.....e#* **,,,,,*
,,,,,** *#e...e....#* **,,,,,
*,,,** *#.......#* **,,,* **,**
*#.....#* **,** *** *#...#* ***
*#.#* #e# #@# #.# #)# #)# #.#
#)##### ##.)...## ##.e.)...##
##.........##


You could see 2 deep elf annihilators and a deep elf death mage.

Vanquished Creatures
  A deep elf master archer (Elf:3)
  A deep elf blademaster (Elf:2)
  Gastronok (Orc:1)
  Frances (D:12)
  Roxanne (Elf:3)
  Wiglaf (Elf:3)
  10 deep elf sorcerers (Elf:3)
  2 orc warlords (Orc:4)
  A frost giant (IceCv)
  4 deep elf demonologists
  4 deep elf death magi
  Snorg (Lair:7)
  Josephine (Lair:7)
  7 hydras
  4 deep elf high priests (Elf:3)
  An ice dragon (Orc:4)
  Erica (D:8)
  An anaconda (shapeshifter) (D:13)
  16 dancing weapons (Elf:2)
  2 centaur warriors (D:13)
  An ogre mage (D:11)
  3 small abominations
  2 death yaks (IceCv)
  Urug (D:11)
  3 orc high priests
  16 deep elf knights
  3 deep elf summoners
  A hill giant (D:10)
  3 unseen horrors
  4 orc knights (Orc:4)
  A lindwurm (shapeshifter) (D:13)
  A manticore (D:13)
  3 orc sorcerers
  16 deep elf conjurers
  4 ugly things
  A cyclops (D:10)
  A griffon (Lair:5)
  A guardian serpent (shapeshifter) (Elf:2)
  A centaur zombie (D:13)
  3 black mambas
  An ice statue (IceCv)
  A gargoyle (D:13)
  12 spiny frogs
  An efreet (D:13)
  7 komodo dragons
  13 deep elf priests
  2 spriggan druids (Lair:8)
  3 fire drakes
  5 trolls
  2 two-headed ogres (D:11)
  23 polar bears
  4 blink frogs
  6 slime creatures (D:11)
  11 wyverns
  A trapdoor spider (D:11)
  11 spriggans
  4 wraiths (Lair:7)
  A redback (Lair:8)
  81 yaks
  29 deep elf magi
  2 basilisks
  4 fire bats (Elf:3)
  34 deep elf fighters
  A steam dragon (Lair:7)
  5 wargs
  A naga (Lair:4)
  10 hippogriffs
  A hungry ghost (D:7)
  4 vampire mosquitoes (D:13)
  43 wolves
  Duvessa (D:7)
  2 sky beasts
  22 water moccasins
  3 phantoms
  12 black bears
  11 porcupines
  31 orc warriors
  4 ice beasts
  An eye of draining (D:11)
  3 wasps (Lair:8)
  16 ogres
  14 crocodiles
  3 centaurs
  5 necrophages
  Blork the orc (Orc:4)
  23 giant frogs
  A big kobold (shapeshifter) (D:13)
  Dowan (D:7)
  A wyvern skeleton (D:9)
  4 killer bees (D:11)
  5 scorpions
  5 hounds
  A gnoll shaman (D:5)
  3 jellies (D:12)
  2 centaur skeletons
  A giant frog zombie (D:12)
  5 crimson imps
  Crazy Yiuf (D:7)
  23 orc priests
  2 quasits (D:9)
  A giant frog skeleton (D:10)
  8 iguanas
  8 worker ants
  26 orc wizards
  10 sheep
  A big kobold zombie (Ossuary)
  A hound zombie (D:7)
  8 mummies (Ossuary)
  8 gnolls
  12 adders
  74 river rats
  5 shadow imps
  3 oozes
  2 adder skeletons
  4 worms
  5 giant geckos
  121 orcs
  3 ball pythons
  6 bats
  3 giant cockroaches
  4 goblins
  9 hobgoblins
  5 quokkas
  7 giant newts
  A gnoll zombie (Ossuary)
  2 hobgoblin zombies (Ossuary)
  28 jackals
  8 kobolds
  2 kobold zombies (Ossuary)
  2 orc zombies (Ossuary)
  6 rats
  A butterfly (Lair:4)
  3 fungi
  A plant (Lair:8)
  A toadstool (D:3)
1049 creatures vanquished.

Vanquished Creatures (others)
  A deep elf fighter (Elf:1)
  An orc (Orc:4)
  A fungus (Lair:1)
  4 plants
  14 toadstools (D:3)
21 creatures vanquished.

Grand Total: 1070 creatures vanquished

Notes
Turn   | Place    | Note
--------------------------------------------------------------
     0 | D:1      | Peloso the Minotaur Fighter began the quest for the Orb.
     0 | D:1      | Reached XP level 1. HP: 19/19 MP: 0/0
   131 | D:1      | Reached XP level 2. HP: 18/27 MP: 1/1
   278 | D:1      | Reached skill level 4 in Armour
   908 | D:2      | Reached XP level 3. HP: 23/33 MP: 2/2
  1396 | D:2      | Reached XP level 4. HP: 37/40 MP: 3/3
  1698 | D:2      | Reached skill level 1 in Dodging
  2109 | D:3      | Found a blossoming altar of Fedhas.
  2127 | D:3      | Noticed an oklob plant
  2242 | D:3      | Reached XP level 5. HP: 47/47 MP: 4/4
  2305 | D:3      | Reached skill level 5 in Armour
  2693 | D:4      | Found a glowing golden altar of the Shining One.
  2697 | D:4      | Found a staircase to the Ecumenical Temple.
  2716 | Temple   | Entered the Ecumenical Temple
  2755 | Temple   | Became a worshipper of Warmaster Okawaru
  2803 | D:4      | Found a deep blue altar of Sif Muna.
  2839 | D:4      | Reached skill level 5 in Shields
  2938 | D:4      | Found Izodghyf's Distillery.
  3009 | D:4      | Reached XP level 6. HP: 53/55 MP: 5/5
  3059 | D:4      | Reached skill level 5 in Fighting
  3461 | D:5      | Entered Level 5 of the Dungeon
  3463 | D:5      | Found Maere's Antique Weapon Emporium.
  3476 | D:5      | Bought a glowing long sword for 77 gold pieces
  3477 | D:5      | Bought a runed long sword for 77 gold pieces
  3517 | D:5      | Got a distressingly furry scale mail
  3528 | D:5      | Identified the +9 scale mail of Absence {Stlth+} (You found it on level 5 of the Dungeon)
  3576 | D:5      | Reached * piety under Okawaru
  3582 | D:5      | Reached XP level 7. HP: 61/61 MP: 6/6
  3617 | D:5      | Found Cuescheo's Book Shoppe.
  3759 | D:5      | Reached skill level 6 in Shields
  3884 | D:5      | Reached skill level 5 in Long Blades
  4196 | D:6      | Found Ciolouh's Book Shop.
  4294 | D:6      | Reached ** piety under Okawaru
  4297 | D:6      | Reached XP level 8. HP: 65/70 MP: 7/7
  4395 | D:6      | Found an opulent altar of Gozag.
  4681 | D:7      | Noticed Dowan
  4683 | D:7      | Noticed Duvessa
  4691 | D:7      | Killed Duvessa
  4697 | D:7      | Killed Dowan
  4697 | D:7      | Reached skill level 7 in Shields
  4891 | D:7      | Reached skill level 1 in Stealth
  4912 | D:7      | Reached *** piety under Okawaru
  4954 | D:7      | Reached XP level 9. HP: 21/78 MP: 8/8
  5266 | D:7      | Reached skill level 8 in Shields
  5483 | D:7      | Noticed Crazy Yiuf
  5492 | D:7      | Killed Crazy Yiuf
  5492 | D:7      | Reached skill level 5 in Dodging
  5635 | D:8      | Found a glowing silver altar of Zin.
  5658 | D:8      | Found a burning altar of Makhleb.
  5670 | D:8      | Noticed Erica
  5686 | D:8      | Killed Erica
  5686 | D:8      | Reached **** piety under Okawaru
  5744 | D:8      | Found a shadowy altar of Dithmenos.
  5763 | D:8      | Found a blossoming altar of Fedhas.
  5864 | D:8      | Found a sand-covered staircase.
  5869 | Ossuary  | Entered an ossuary
  6411 | D:9      | Reached skill level 9 in Shields
  6505 | D:9      | Reached XP level 10. HP: 88/88 MP: 9/9
  6515 | D:9      | Found an iron altar of Okawaru.
  6651 | D:9      | Found a staircase to the Lair.
  6727 | D:9      | Noticed a white ugly thing
  6742 | D:9      | Killed a white ugly thing
  6742 | D:9      | Reached ***** piety under Okawaru
  7161 | D:10     | Entered Level 10 of the Dungeon
  7308 | D:10     | Noticed a brown ugly thing
  7330 | D:10     | Killed a brown ugly thing
  7347 | D:10     | Noticed a cyclops
  7349 | D:10     | Noticed a hill giant
  7356 | D:10     | Reached skill level 10 in Shields
  7370 | D:10     | Killed a hill giant
  7370 | D:10     | Reached skill level 1 in Invocations
  7386 | D:10     | Killed a cyclops
  7387 | D:10     | Reached skill level 10 in Long Blades
  7635 | D:10     | Received a gift from Okawaru
  7893 | D:11     | Noticed Urug
  7907 | D:11     | Killed Urug
  7907 | D:11     | Reached XP level 11. HP: 20/95 MP: 11/11
  8240 | D:11     | Noticed a brown ugly thing
  8259 | D:11     | Killed a brown ugly thing
  8666 | D:11     | Reached ****** piety under Okawaru
  8671 | D:11     | Noticed an ogre mage
  8677 | D:11     | Reached skill level 11 in Long Blades
  8688 | D:11     | Killed an ogre mage
  8688 | D:11     | Received a gift from Okawaru
  8859 | D:11     | Reached skill level 10 in Armour
  9095 | D:11     | Killed an unseen horror
  9551 | D:12     | Killed an unseen horror
  9794 | D:12     | Noticed Frances
  9815 | D:12     | Killed Frances
  9815 | D:12     | Reached skill level 12 in Long Blades
  9815 | D:12     | Reached XP level 12. HP: 103/106 MP: 12/12
  9843 | D:12     | Found a staircase to the Orcish Mines.
 10159 | D:13     | Noticed a centaur warrior
 10166 | D:13     | Killed a centaur warrior
 10264 | D:13     | Found a shimmering altar of Xom.
 10283 | D:13     | Reached skill level 10 in Fighting
 10722 | D:13     | Found a gate to the Vaults.
 10745 | D:13     | Noticed an anaconda
 10745 | D:13     | a giant orange brain changed into an anaconda
 10749 | D:13     | Killed an anaconda
 10749 | D:13     | Received a gift from Okawaru
 10763 | D:13     | Reached skill level 10 in Dodging
 11184 | D:13     | Noticed a centaur warrior
 11195 | D:13     | Killed a centaur warrior
 11517 | Lair:1   | Entered Level 1 of the Lair of Beasts
 11569 | Lair:1   | Found an ancient bone altar of Kikubaaqudgha.
 11608 | Lair:1   | Reached skill level 13 in Long Blades
 12102 | Lair:1   | Received a gift from Okawaru
 12874 | Lair:1   | Identified a scroll of acquirement
 13071 | Lair:2   | Noticed a four-headed hydra
 13079 | Lair:2   | Killed a one-headed hydra
 13177 | Lair:2   | Reached XP level 13. HP: 99/115 MP: 13/13
 13482 | Lair:2   | Found an opulent altar of Gozag.
 13869 | Lair:3   | Received a gift from Okawaru
 14587 | Lair:4   | Found a staircase to the Shoals.
 14607 | Lair:4   | Reached skill level 14 in Long Blades
 14830 | Lair:4   | Received a gift from Okawaru
 14836 | Lair:4   | Got a translucent war axe {god gift}
 14837 | Lair:4   | Identified the +1 war axe of the Viper {flame, rF++ Dex-4} (Okawaru gifted it to you on level 4 of the Lair of Beasts)
 14862 | Lair:4   | Found a staircase to the Snake Pit.
 15592 | Lair:5   | Got a pair of dazzling boots
 15603 | Lair:5   | Identified the +0 pair of boots of Death Resistance {+Inv Int+2 Dex+4} (You found it on level 5 of the Lair of Beasts)
 16217 | Lair:6   | Received a gift from Okawaru
 16786 | Lair:6   | Found a staircase to the Slime Pits.
 17064 | Lair:7   | Noticed Snorg
 17081 | Lair:7   | Killed Snorg
 17081 | Lair:7   | Received a gift from Okawaru
 17254 | Lair:7   | Reached XP level 14. HP: 115/125 MP: 14/14
 17286 | Lair:7   | Noticed Josephine
 17297 | Lair:7   | Killed Josephine
 17297 | Lair:7   | Reached skill level 15 in Long Blades
 18016 | Lair:8   | Entered Level 8 of the Lair of Beasts
 18043 | Lair:8   | Received a gift from Okawaru
 19942 | Orc:1    | Entered Level 1 of the Orcish Mines
 20097 | Orc:1    | Noticed Gastronok
 20115 | Orc:1    | Killed Gastronok
 20115 | Orc:1    | Received a gift from Okawaru
 20415 | Orc:2    | Reached skill level 15 in Shields
 20651 | Orc:3    | Found a staircase to the Elven Halls.
 21192 | Orc:4    | Entered Level 4 of the Orcish Mines
 21222 | Orc:4    | Reached skill level 16 in Long Blades
 21302 | Orc:4    | Found a frozen archway.
 21340 | IceCv    | Entered an ice cave
 21622 | IceCv    | Reached XP level 15. HP: 134/134 MP: 15/15
 22014 | IceCv    | Noticed a frost giant
 22031 | IceCv    | Killed a frost giant
 22031 | IceCv    | Received a gift from Okawaru
 22582 | Orc:4    | Noticed Blork the orc
 22621 | Orc:4    | Killed Blork the orc
 22639 | Orc:4    | Reached skill level 17 in Long Blades
 22788 | Orc:4    | Noticed an orc warlord
 22815 | Orc:4    | Killed an orc warlord
 22828 | Orc:4    | Found a roughly hewn altar of Beogh.
 22849 | Orc:4    | Noticed an orc warlord
 22878 | Orc:4    | Killed an orc warlord
 23055 | Orc:4    | Found Hacidatt's Antique Armour Shop.
 23069 | Orc:4    | Found Qysomoc's Book Shop.
 23091 | Orc:4    | Found Yfotull's General Store.
 23124 | Orc:4    | Found Lestrime's Antique Weapon Shop.
 23689 | Elf:1    | Entered Level 1 of the Elven Halls
 23792 | Elf:1    | Received a gift from Okawaru
 24572 | Elf:1    | Reached skill level 18 in Long Blades
 25032 | Elf:2    | Found a runed gate.
 25032 | Elf:2    | Found a runed gate.
 25032 | Elf:2    | Found a runed gate.
 25180 | Elf:2    | Received a gift from Okawaru
 25401 | Elf:2    | Reached XP level 16. HP: 128/146 MP: 12/17
 25882 | Elf:2    | Received a gift from Okawaru
 26293 | Elf:2    | Noticed a deep elf blademaster
 26322 | Elf:2    | Killed a deep elf blademaster
 27087 | Elf:3    | Entered Level 3 of the Elven Halls
 27093 | Elf:3    | Noticed Roxanne
 27107 | Elf:3    | Killed Roxanne
 27109 | Elf:3    | Identified Roxanne's Collected Works on Clay (You took it off Roxanne on level 3 of the Elven Halls)
 27119 | Elf:3    | Noticed Wiglaf
 27120 | Elf:3    | Found Osuamoth's Elven Fire.
 27576 | Elf:3    | Reached skill level 19 in Long Blades
 27680 | Elf:3    | Killed Wiglaf
 27954 | Elf:3    | Reached skill level 15 in Fighting
 27963 | Elf:3    | Noticed a deep elf master archer
 27982 | Elf:3    | Killed a deep elf master archer
 27989 | Elf:3    | Received a gift from Okawaru
 28352 | Elf:3    | Received a gift from Okawaru
 28356 | Elf:3    | Reached XP level 17. HP: 63/156 MP: 18/18
 28735 | Elf:3    | Noticed a deep elf blademaster
 28763 | Elf:3    | Killed from afar by a deep elf annihilator

Action                   |  1- 3 |  4- 6 |  7- 9 | 10-12 | 13-15 | 16-18 || total
-------------------------+-------+-------+-------+-------+-------+-------++-------
Melee: Long sword        |   108 |   180 |   254 |   550 |       |       ||  1092
       Scimitar          |       |       |       |    18 |   338 |       ||   356
       Demon blade       |       |       |       |       |    74 |       ||    74
       Double sword      |       |       |       |       |  1118 |   342 ||  1460
Invok: Heroism           |       |       |     1 |     6 |     5 |    10 ||    22
  Use: Scroll            |       |     5 |     7 |    17 |     9 |     2 ||    40
       Potion            |       |       |       |     1 |       |     2 ||     3
 Stab: Sleeping          |       |       |       |     3 |    13 |       ||    16
  Eat: Chunk             |     2 |     7 |    14 |    20 |    39 |     8 ||    90
       Fruit             |       |       |       |     1 |     1 |       ||     2
       Pizza             |       |       |       |       |       |     2 ||     2
       Beef jerky        |       |       |       |       |       |     1 ||     1
